 Dungeon Crawl Stone Soup version bcrawl-1.21 (webtiles) character file.

Game seed: 7150896791024261571

86 Freyura the Poker (level 4, -1/35 HPs)
             Began as a Merfolk Gladiator on Feb 8, 2020.
             Killed from afar by Sigmund (2 damage)
             ... with a puff of flame
             ... on level 2 of the Dungeon.
             The game lasted 00:04:00 (1275 turns).

Freyura the Poker (Merfolk Gladiator)               Turns: 1275, Time: 00:04:00

Health: -1/35      AC:  8    Str: 14    XL:     4   Next: 49%
Magic:  4/4        EV: 11    Int:  7    God:
Gold:   112        SH:  0    Dex: 16    Spells: 3/3 levels left

rFire    . . .     SeeInvis .   a - +0 trident
rCold    . . .     Gourm    .   (no shield)
rNeg     . . .     Faith    .   k - +0 scale mail
rPois    .         Spirit   .   c - +0 helmet
rElec    .         Reflect  .   (no cloak)
rCorr    .         Harm     .   h - +0 pair of gloves
MR       .....                  (no boots)
Stlth    ..........             (no amulet)
HPRegen  0.11/turn              (no ring)
MPRegen  0.09/turn              (no ring)

@: hasted, very quick
A: change form in water, swift swim, stealthy swim
a: no special abilities


You were on level 2 of the Dungeon.
You were hungry.

You visited 1 branch of the dungeon, and saw 2 of its levels.

You collected 112 gold pieces.

Inventory:

Hand Weapons
 a - a +0 trident (weapon)
Missiles
 d - 3 throwing nets (quivered) {!f}
Armour
 b - a +0 leather armour
 c - a +0 helmet (worn)
 h - a +0 pair of gloves (worn)
 k - a +0 scale mail (worn)
Scrolls
 f - a scroll of teleportation {unknown}
 g - 2 scrolls of fog {unknown}
 m - a scroll of noise {unknown}
 n - 2 scrolls of magic mapping {unknown}
 o - a scroll of remove curse {unknown}
Potions
 i - 2 potions of curing
Comestibles
 e - 3 rations {!d}


   Skills:
 + Level 3.0 Fighting
 * Level 5.8 Polearms
 - Level 2.0 Throwing
 + Level 1.0 Armour
 + Level 4.6 Dodging


You had 3 spell levels left.
You didn't know any spells.
Your spell library was empty.

Dungeon Overview and Level Annotations

Branches:
Dungeon (2/12)

Altars:
Trog

Annotations:
D:2 Sigmund


Message History

Sigmund hits you but does no damage.
You writhe in agony.
* * * LOW HITPOINT WARNING * * *
You puncture Sigmund!
Sigmund is severely wounded.
You completely miss Sigmund.
Sigmund is severely wounded.
Sigmund casts a spell at you. The magic dart hits you!
* * * LOW HITPOINT WARNING * * *
You hit Sigmund.
Sigmund is almost dead.
You are feeling hungry.
You hit Sigmund.
Sigmund is almost dead.
Sigmund looks braver for a moment.
You hit Sigmund but do no damage.
Sigmund is almost dead.
Sigmund casts a spell at you. The puff of flame hits you!
You die...

. (.......#....#....##..)..#
....#.#............[.....#
.....#.###....#...####....#
.....#.###....#...........#
...............#..######...#
....................#
...#......########..#
........[.......)..##
.......@@......#####
#.......###......#
###.#............# #
##.########### ... ..## #..
... ...


You could see Sigmund.

Vanquished Creatures
  Terence (D:2)
  3 worms (D:2)
  2 leopard geckos
  An orc (D:2)
  3 giant cockroaches
  2 goblins
  4 hobgoblins (D:1)
  4 jackals (D:1)
  7 kobolds
  A quokka (D:1)
  6 bats
  3 frilled lizards
  17 rats
54 creatures vanquished.

Notes
Turn   | Place    | Note
-------+----------+-------------------------------------------
     0 | D:1      | Freyura the Merfolk Gladiator began the quest for the Orb.
     0 | D:1      | Reached XP level 1. HP: 16/16 MP: 1/1
    80 | D:1      | Reached XP level 2. HP: 23/23 MP: 2/2
   317 | D:1      | Reached skill level 5 in Polearms
   389 | D:1      | Reached XP level 3. HP: 27/28 MP: 3/3
   879 | D:2      | Noticed Terence
   887 | D:2      | Killed Terence
   887 | D:2      | Reached XP level 4. HP: 30/34 MP: 4/4
   938 | D:2      | Found a bloodstained altar of Trog.
   943 | D:2      | Reached skill level 1 in Armour
  1251 | D:2      | Noticed Sigmund
  1272 | D:2      | HP: 1/35 [Sigmund/magic dart (3)]
  1275 | D:2      | Killed from afar by Sigmund

Skill      XL: |  1  2  3  4 |
---------------+-------------+-----
Polearms       | 5 |  5.8
Armour         | 1 |  1.0
Fighting       | 3 |  3.0
Throwing       | |  2.0
Dodging        | |  4.6

Action                   |  1- 3 |  4- 6 || total
-------------------------+-------+-------++-------
Melee: Trident           |   117 |    72 ||   189
  Use: Potion            |       |     2 ||     2
 Stab: Sleeping          |     9 |       ||     9
  Eat: Chunk             |       |     1 ||     1
Armor: Leather armour    |    35 |       ||    35
       Scale mail        |       |    11 ||    11
Dodge: Dodged            |    66 |    27 ||    93
